 Dungeon Crawl Stone Soup version 0.26-a0-466-g989023bd0d (webtiles) character file.

Game seed: 5566799167401774997

289844 Conn the Eclecticist (level 20, -6/119 HPs)
             Began as an Octopode Fire Elementalist on July 30, 2020.
             Was the Champion of Vehumet.
             Mangled by a jumping spider (18 damage)
             ... on level 4 of the Spider Nest.
             The game lasted 06:24:04 (55773 turns).

Conn the Eclecticist (Octopode Fire Elementalist)  Turns: 55773, Time: 06:24:05

Health: -6/119     AC:  2    Str: 17 (20) XL:     20   Next: 73%
Magic:  2/53       EV: 10    Int: 34      God:    Vehumet [******]
Gold:   2342       SH:  0    Dex: 18 (19) Spells: 2/60 levels left

rFire    + . .     SeeInvis +   b - +6 dagger "Noaluga" {flame, rC+}
rCold    + + .     Faith    .   S - +3 buckler
rNeg     + . .     Spirit   .   Z - +1 hat "Kiafecw" {rC+ MR+ Str-5 Int+4}
rPois    +         Reflect  +   y - amulet of reflection
rElec    +         Harm     .   U - ring of protection from magic
rCorr    +                      A - ring of magical power
MR       +++..                  N - +4 ring of slaying
Stlth    +++++.....             M - ring of the Suburbs {rPois rN+ Str+5 Int+2}
HPRegen  0.29/turn              G - +6 ring of dexterity
MPRegen  0.33/turn              e - ring of Geupem {rElec Str+3 Int+4 Slay-2 SInv}
                                w - ring "Xuqux" {rF+ Str+6}
                                E - ring of resist corrosion

@: lethally poisoned (-6 -> -61), held, slowed, studying Summonings, very slow
A: almost no armour, stealthy swim, amphibious, 8 rings, constrict 8, tentacle
spike 1, camouflage 1, strong 1, gelatinous body 1, MP-powered wands
}: 2/15 runes: decaying, gossamer
a: Renounce Religion


You were on level 4 of the Spider Nest.
You worshipped Vehumet.
Vehumet was exalted by your worship.
You visited 8 branches of the dungeon, and saw 36 of its levels.
You also visited: Gauntlet.

You collected 4045 gold pieces.
You spent 1703 gold pieces at shops.

Inventory:

Hand Weapons
 b - the +6 dagger "Noaluga" (weapon) {flame, rC+}
   (You found it on level 3 of the Elven Halls)

   It has been specially enchanted to burn those struck by it, causing extra
   injury to most foes and up to half again as much damage against particularly
   susceptible opponents.
   It protects you from cold.
 H - the +7 great sword of the Gloaming {drain, rF+ Dex+2}
   (You took it off an orc knight on level 9 of the Dungeon)

   A truly terrible weapon, it drains the life of those it strikes.
   It affects your dexterity (+2).
   It protects you from fire.
 J - the +6 Majin-Bo {vamp, Archmagi MP+6 Int+6}
   (You found it on level 9 of the Dungeon)

   It inflicts no extra harm, but heals its wielder when it wounds a living foe.
   It affects your intelligence (+6).
   It affects your magic capacity (+6).
Missiles
 V - 21 curare-tipped darts (quivered)
Armour
 f - a +5 kite shield
 O - a +2 kite shield
 S - a +3 buckler (worn)
 Z - the +1 hat "Kiafecw" (worn) {rC+ MR+ Str-5 Int+4}
   (You found it on level 15 of the Dungeon)

   It affects your strength (-5).
   It affects your intelligence (+4).
   It protects you from cold.
   It affects your resistance to hostile enchantments.
Magical Staves
 a - an uncursed staff of conjuration
 n - an uncursed staff of fire
 Q - an uncursed staff of wizardry
Jewellery
 e - the ring of Geupem (on tentacle) {rElec Str+3 Int+4 Slay-2 SInv}
   (You found it on level 15 of the Dungeon)

   [ring of see invisible]

   It affects your strength (+3).
   It affects your intelligence (+4).
   It affects your accuracy and damage with ranged weapons and melee attacks
   (-2).
   It insulates you from electricity.
   It lets you see invisible.
 m - a +6 ring of dexterity
 p - an uncursed amulet of regeneration
 q - an uncursed ring of positive energy
 v - an uncursed ring of ice
 w - the ring "Xuqux" (on tentacle) {rF+ Str+6}
   (You acquired it on level 6 of the Dungeon)

   [ring of strength]

   It affects your strength (+6).
   It protects you from fire.
 x - an uncursed ring of magical power
 y - an amulet of reflection (around mantle)
 A - a ring of magical power (right tentacle)
 E - a ring of resist corrosion (on tentacle)
 G - a +6 ring of dexterity (on tentacle)
 K - a +6 ring of strength
 M - the ring of the Suburbs (on tentacle) {rPois rN+ Str+5 Int+2}
   (You found it on level 15 of the Dungeon)

   [ring of positive energy]

   It affects your strength (+5).
   It affects your intelligence (+2).
   It protects you from poison.
   It protects you from negative energy.
 N - a +4 ring of slaying (on tentacle)
 U - a ring of protection from magic (left tentacle)
Wands
 o - a wand of paralysis (19)
 r - a wand of enslavement (10)
 t - a wand of flame (48)
 u - a wand of clouds (1)
 R - a wand of digging (24)
 Y - a wand of iceblast (12)
Scrolls
 g - 31 scrolls of identify
 h - 8 scrolls of immolation
 l - 18 scrolls of teleportation
 s - 9 scrolls of remove curse
 D - 8 scrolls of fog
 F - 3 scrolls of fear
 T - 4 scrolls of blinking
 X - 6 scrolls of magic mapping
Potions
 c - a potion of stabbing
 d - a potion of might
 i - 6 potions of mutation
 j - a potion of haste
 z - 4 potions of ambrosia
 B - 8 potions of curing
 C - 3 potions of flight
 I - a potion of berserk rage
 L - a potion of cancellation
 P - 4 potions of lignification
Books
 k - a manual of Summonings


   Skills:
 + Level 5.0 Fighting
 + Level 4.5 Short Blades
 + Level 4.3 Staves
   Level 2.1(2.6) Slings
 + Level 2.1(2.6) Throwing
 + Level 6.9 Dodging
 - Level 9.0 Stealth
 - Level 5.0 Shields
 + Level 20.8 Spellcasting
 + Level 14.2 Conjurations
   Level 0.9 Hexes
 - Level 10.0 Summonings
 + Level 2.5 Translocations
 * Level 15.4 Fire Magic
 - Level 5.0 Ice Magic
 - Level 7.1 Air Magic
 + Level 5.8 Earth Magic
 - Level 1.4 Poison Magic
 + Level 0.2 Evocations


You had 2 spell levels left.
You knew the following spells:

 Your Spells              Type           Power        Failure   Level
a - Foxfire               Conj/Fire      ####         0%          1
b - Iskenderun's Mystic   Conj/Tloc      #######.     1%          4
c - Spellforged Servitor  Conj/Summ      #######...   1%          7
d - Magic Dart            Conj           ####         0%          1
e - Fire Storm            Conj/Fire      #######...   45%         9
f - Fireball              Conj/Fire      #######...   1%          5
g - Airstrike             Air            ######....   1%          4
h - Mephitic Cloud        Conj/Pois/Air  ######..     1%          3
i - Lee's Rapid Deconstr  Erth           ######....   1%          5
j - Blink                 Tloc           N/A          1%          2
k - Summon Demon          Summ           #######...   1%          5
l - Apportation           Tloc           ######       1%          1
m - Ignition              Fire           #######...   2%          8
n - Ozocubu's Armour      Ice            ######..     1%          3

Your spell library contained the following spells:

 Spells                   Type           Power        Failure   Level
 Shatter                  Erth           ######....   100%        9
 Tornado                  Air            ######....   100%        9
 Shock                    Conj/Air       ####         0%          1
 Summon Small Mammal      Summ           ####         0%          1
 Searing Ray              Conj           ######       0%          2
 Animate Skeleton         Necr           #####.       1%          1
 Corona                   Hex            #####..      1%          1
 Freeze                   Ice            ####         1%          1
 Pain                     Necr           ####         1%          1
 Sting                    Tmut/Pois      ####         1%          1
 Call Imp                 Summ           #######.     1%          2
 Corpse Rot               Necr/Air       N/A          1%          2
 Poisonous Vapours        Pois/Air       ######       1%          2
 Slow                     Hex            #####...     1%          2
 Sublimation of Blood     Necr           #####.....   1%          2
 Swiftness                Air            ######..     1%          2
 Wereblood                Tmut           #####...     1%          2
 Conjure Flame            Conj/Fire      #######.     0%          3
 Sticky Flame             Conj/Fire      #######.     0%          4
 Confusing Touch          Hex            #####...     1%          3
 Dazzling Flash           Conj/Hex       ######       1%          3
 Frozen Ramparts          Ice            ######       1%          3
 Gell's Gravitas          Tloc           ######....   1%          3
 Ignite Poison            Fire/Tmut/Pois ######..     1%          3
 Inner Flame              Hex/Fire       ######..     1%          3
 Static Discharge         Conj/Air       #######.     1%          3
 Fulminant Prism          Conj/Hex       ######....   1%          4
 Hailstorm                Conj/Ice       #######.     1%          4
 Olgreb's Toxic Radiance  Pois           #####...     1%          4
 Summon Ice Beast         Ice/Summ       ######..     1%          4
 Summon Lightning Spire   Summ/Air       #######.     1%          4
 Bolt of Magma            Conj/Fire/Erth #######...   1%          5
 Irradiate                Conj/Tmut      ######....   1%          5
 Iskenderun's Battlesphe  Conj           #######.     1%          5
 Lightning Bolt           Conj/Air       #######...   1%          5
 Summon Forest            Summ/Tloc      ######....   1%          5
 Conjure Ball Lightning   Conj/Air       #######...   1%          6
 Freezing Cloud           Conj/Ice/Air   #######...   1%          6
 Iron Shot                Conj/Erth      #######...   1%          6
 Orb of Destruction       Conj           #######...   1%          7
 Vampiric Draining        Necr           #####.....   2%          3
 Petrify                  Tmut/Erth      ######..     2%          4
 Summon Mana Viper        Hex/Summ       ######..     2%          5
 Shadow Creatures         Summ           N/A          2%          6
 Ice Form                 Ice/Tmut       ######..     3%          4
 Silence                  Hex/Air        ######....   4%          5
 Yara's Violent Unravell  Hex/Tmut       #####.....   5%          5
 Metabolic Englaciation   Hex/Ice        ######....   7%          5
 Animate Dead             Necr           #####.....   9%          4
 Dispel Undead            Necr           #####...     9%          4
 Summon Hydra             Summ           #######...   12%         7
 Chain Lightning          Conj/Air       #######...   19%         8
 Agony                    Necr           #####...     24%         5
 Excruciating Wounds      Necr           #####.....   24%         5
 Lehudib's Crystal Spear  Conj/Erth      #######...   24%         8
 Statue Form              Tmut/Erth      ######...    38%         6
 Hydra Form               Tmut           #####.....   80%         6
 Dragon Form              Tmut           #####.....   100%        7
 Absolute Zero            Ice            ######....   100%        9
 Dragon's Call            Summ           #######...   100%        9


Dungeon Overview and Level Annotations

Branches:
Dungeon (15/15)            Temple (1/1) D:4            Lair (6/6) D:8
  Swamp (4/4) Lair:2       Spider (4/4) Lair:3        Slime (0/5) Lair:5
    Orc (2/2) D:12            Elf (3/3) Orc:2        Vaults (1/5) D:13
 Depths (0/5) D:15        Gauntlet (visited)

Altars:
Ashenzari
Cheibriados
Dithmenos
Elyvilon
Fedhas
Gozag
Hepliaklqana
Kikubaaqudgha
Makhleb
Nemelex Xobeh
Okawaru
Qazlal
Ru
Sif Muna
Trog
Uskayaw
Vehumet
Wu Jian
Xom
Yredelemnul
Zin
The Shining One
Beogh
Jiyva

Shops:
D:6 =   D:7 *   D:12 [   Orc:2 *([:?   Elf:2 }   Elf:3 (*[(   Vaults:1 :

Annotations:
D:15 KristoblXynda's ghost, adept DrBe
Lair:3 2 transporters, Punenop's ghost, journeyman DrAE


Innate Abilities, Weirdness & Mutations

You cannot wear most types of armour.
You are very stealthy in the water. (Stealth+)
You are amphibious.
You can wear up to eight rings at the same time.
You can use your tentacles to constrict eight enemies at once.
Your skin changes colour to match your surroundings (Stealth+).
Your rubbery body absorbs attacks. (AC +1, EV +1)
One of your tentacles bears a spike.
Your muscles are strong. (Str +2)
You expend magic power (3 MP) to strengthen your wands.


Message History

The ghost moth hits you. The ghost moth misses you.
Unknown command.
You barely miss the ghost moth. You squeeze the ghost moth.
You kill the ghost moth!
Vehumet accepts your kill.
You feel your power returning.
You feel very sick. The jumping spider pounces on you!
You are caught in a web!
The jumping spider misses you.
You struggle to detach yourself from the web.
You feel very sick. The jumping spider pounces on you!!
* * * LOW HITPOINT WARNING * * *
The jumping spider bites you.
* * * LOW HITPOINT WARNING * * *
The hornet stings you!
* * * LOW HITPOINT WARNING * * *
You are more poisoned.
You feel yourself slow down. The jumping spider pounces on you!!
You die...

#......######......^#
##.....#...##..##...#
#...........^..##..#
####.#.^##^.....#.##
##########^#.#..#..^#
##.^........#.#..#...#
#......^.....#..###..#
##..#.#^.<.#s..## ..##
#^.######....@.#..)# #
##^.##......^.#y#.^#..#
###...#........##.......#
..#^..##...^###......#..
..##..#####^(#<..##....
#..#..### #..###.^#..###
........# #.^.#..^#..#
..####.^# ##.^.......#
..#....## #..##....<##


You could see a hornet and a jumping spider.

Vanquished Creatures
  the Lernaean hydra (Swamp:4)
  Bai Suzhen (Swamp:4)
  Saint Roka (Orc:2)
  2 deep elf blademasters
  2 deep elf master archers (Elf:3)
  Gastronok (D:10)
  Frances (D:14)
  2 thorn hunters (Swamp:3)
  Agnes (Spider:1)
  Roxanne (Spider:1)
  9 deep elf sorcerers
  4 emperor scorpions
  6 ghost moths
  Aizul (Swamp:1)
  2 deep elf elementalists (Elf:3)
  2 orc warlords
  2 entropy weavers (Spider:2)
  A very ugly thing (Swamp:4)
  Nessos (D:12)
  A stone giant (Orc:1)
  4 deep elf demonologists (Elf:3)
  8 deep elf annihilators
  A minotaur (Gauntlet)
  4 spark wasps (Spider:4)
  7 deep elf death magi (Elf:3)
  Josephine (D:10)
  Snorg (D:10)
  A death ooze (Gauntlet)
  Erolcha (Orc:1)
  7 deep elf high priests (Elf:3)
  Harold (D:7)
  16 hydras
  A shambling mangrove (Swamp:2)
  4 vault guards (D:13)
  A death knight (D:15)
  A centaur warrior (D:13)
  A ghost crab (Swamp:2)
  14 alligators
  31 dancing weapons
  An ogre mage (Orc:2)
  Erica (Orc:1)
  6 death yaks (Lair:2)
  A vampire mage (D:15)
  8 two-headed ogres
  A hell hog (Gauntlet)
  A queen ant (Spider:2)
  A tengu warrior (D:14)
  An orc high priest (Orc:2)
  Urug (Lair:6)
  Sonja (D:10)
  17 deep elf knights
  5 skeletal warriors (D:15)
  A wizard (Vaults:1)
  2 spriggan druids
  3 unseen horrors
  19 swamp dragons
  16 deep elf archers
  A necromancer (D:15)
  17 orb spiders
  20 wolf spiders
  6 orc knights
  45 deep elf magi
  2 ugly things (Vaults:1)
  6 cyclopes
  4 orc sorcerers
  5 elephants
  A frost giant skeleton (D:15)
  A fire giant skeleton (D:15)
  8 black mambas
  Psyche (D:9)
  A torpor snail (Spider:2)
  10 cane toads
  10 komodo dragons
  A rime drake (Lair:4)
  4 kobold demonologists
  A redback zombie (D:15)
  3 yaktaurs
  An efreet (D:13)
  15 demonic crawlers
  A guardian mummy (D:15)
  A meliai (shapeshifter) (D:9)
  9 tyrant leeches
  7 trolls
  35 jumping spiders
  5 polar bears
  19 hornets
  A blink frog (shapeshifter) (Elf:2)
  7 bog bodies
  7 blink frogs
  A dream sheep (Lair:6)
  29 slime creatures
  14 hippogriffs
  3 shadows
  51 redbacks
  17 tarantellas
  2 wyverns
  A centaur simulacrum (D:14)
  3 air elementals
  57 yaks
  15 spriggans
  A spriggan skeleton (D:15)
  A tarantella (shapeshifter) (D:15)
  3 fire elementals
  4 water elementals
  6 wraiths
  2 vampires (D:13)
  5 basilisks
  3 fire bats (Gauntlet)
  Grum (D:9)
  24 vampire mosquitoes
  A human zombie (D:15)
  20 soldier ants
  6 insubstantial wisps
  5 wargs
  2 acid dragons
  13 swamp worms
  Duvessa (D:4)
  3 hell hounds (Gauntlet)
  15 water moccasins
  11 porcupines
  5 ice beasts
  6 sky beasts
  4 black bears
  13 swamp drakes
  34 orc warriors
  A black bear (shapeshifter) (Vaults:1)
  A phantom (D:11)
  An eye of draining (D:9)
  A necrophage (D:9)
  16 ogres
  5 boggarts (Lair:6)
  33 wolves
  16 centaurs
  15 crocodiles
  4 big kobolds
  Blork the orc (Orc:2)
  23 bullfrogs
  An earth elemental (Elf:3)
  A gnoll sergeant (D:9)
  A water moccasin zombie (D:5)
  Dowan (D:4)
  A wyvern skeleton (D:9)
  A scorpion (D:7)
  9 killer bees (D:9)
  22 wights
  5 howler monkeys
  2 electric eels (Lair:2)
  4 centaur zombies
  A bullfrog zombie (D:13)
  A quasit (D:14)
  28 orc priests
  4 jellies
  5 centaur skeletons
  9 hounds
  31 orc wizards
  Jessica (D:2)
  6 iguanas
  27 worker ants
  Terence (D:2)
  4 hell rats (Lair:5)
  2 hound skeletons
  A worker ant zombie (D:9)
  4 gnolls (Orc:2)
  24 adders
  3 shadow imps
  An ufetubus (D:8)
  2 adder zombies
  2 worms
  4 dart slugs
  6 leopard geckos
  92 orcs
  A ball python (D:3)
  5 bats
  4 giant cockroaches
  6 goblins
  5 hobgoblins
  19 kobolds
  7 quokkas
  A frilled lizard (D:1)
  A jackal skeleton (D:6)
  A quokka skeleton (D:4)
  10 rats
  A bush (Lair:3)
  A butterfly (Lair:1)
  2 fungi (Lair:2)
  5 plants
1363 creatures vanquished.

Vanquished Creatures (collateral kills)
  Rupert (Orc:2)
  The ghost of Morih the Warrior, an adept DgCj (Spider:2)
  Donald (Spider:2)
  An orc warlord (Orc:2)
  A deep elf death mage (Elf:3)
  A hydra (Swamp:4)
  A wizard (Vaults:1)
  An ironbrand convoker (Vaults:1)
  2 orc knights
  3 deep elf magi
  4 ugly things (Vaults:1)
  2 demonic crawlers
  A hornet (Spider:4)
  A jumping spider (Spider:4)
  A tarantella (Spider:2)
  A warg (Orc:1)
  A soldier ant (Spider:2)
  2 earth elementals (Elf:1)
  An orc priest (Orc:2)
  An orc wizard (Orc:2)
  2 worker ants (Spider:2)
30 creatures vanquished.

Vanquished Creatures (others)
  A deep elf mage (Elf:1)
  A cane toad (Swamp:2)
  949 foxfires
  7 fungi
  3 plants
  2 withered plants (D:15)
963 creatures vanquished.

Grand Total: 2356 creatures vanquished

Notes
Turn   | Place    | Note
-------+----------+-------------------------------------------
     0 | D:1      | Conn the Octopode Fire Elementalist began the quest for the
                  | Orb.
     0 | D:1      | Reached XP level 1. HP: 11/11 MP: 3/3
   128 | D:1      | Reached XP level 2. HP: 17/17 MP: 3/5
   776 | D:1      | Reached XP level 3. HP: 21/21 MP: 3/6
   786 | D:1      | Learned a level 3 spell: Conjure Flame
  1017 | D:2      | Noticed Jessica
  1025 | D:2      | Killed Jessica
  1025 | D:2      | Reached XP level 4. HP: 27/27 MP: 1/7
  1093 | D:2      | Noticed Terence
  1101 | D:2      | Killed Terence
  1507 | D:2      | Reached XP level 5. HP: 31/31 MP: 6/9
  1656 | D:2      | Found a shimmering altar of Xom.
  1658 | D:2      | Found a burning altar of Makhleb.
  1658 | D:2      | Found an opulent altar of Gozag.
  1882 | D:2      | Noticed an ogre
  1893 | D:2      | Killed an ogre
  1893 | D:2      | Reached skill level 3 in Spellcasting
  2009 | D:2      | Learned a level 3 spell: Inner Flame
  2054 | D:3      | Reached XP level 6. HP: 37/37 MP: 8/10
  2338 | D:3      | Found a white marble altar of Elyvilon.
  2358 | D:3      | Found a stormy altar of Qazlal.
  3099 | D:4      | Found a staircase to the Ecumenical Temple.
  3108 | Temple   | Entered the Ecumenical Temple
  3196 | Temple   | Became a worshipper of Vehumet
  3534 | D:4      | Reached skill level 4 in Spellcasting
  3662 | D:4      | Found a glowing silver altar of Zin.
  3932 | D:4      | Reached XP level 7. HP: 42/42 MP: 13/13
  4185 | D:4      | Noticed Dowan
  4187 | D:4      | Noticed Duvessa
  4204 | D:5      | Entered Level 5 of the Dungeon
  4292 | D:4      | Killed Duvessa
  4292 | D:4      | Reached skill level 1 in Fighting
  4292 | D:4      | Reached skill level 1 in Short Blades
  4541 | D:4      | Reached skill level 1 in Slings
  4694 | D:4      | Found a shimmering blue altar of Sif Muna.
  4694 | D:4      | Found an iron altar of Okawaru.
  4695 | D:4      | Found a basalt altar of Yredelemnul.
  4998 | D:4      | Killed Dowan
  5049 | D:5      | Reached skill level 5 in Fire Magic
  5080 | D:5      | Reached XP level 8. HP: 46/48 MP: 13/15
  5288 | D:5      | Reached * piety under Vehumet
  5288 | D:5      | Offered knowledge of Magic Dart by Vehumet.
  5288 | D:5      | Reached skill level 5 in Stealth
  5291 | D:5      | Learned a level 1 spell: Magic Dart
  5296 | D:5      | Learned a level 4 spell: Sticky Flame
  5731 | D:6      | Reached skill level 5 in Spellcasting
  5739 | D:6      | Learned a level 5 spell: Fireball
  5771 | D:6      | Found a hazy altar of Hepliaklqana.
  5830 | D:6      | Found Yxey's Jewellery Shop.
  6143 | D:6      | Reached skill level 1 in Throwing
  6413 | D:6      | Reached XP level 9. HP: 54/54 MP: 17/17
  7051 | D:6      | Identified a scroll of acquirement
  7051 | D:6      | Acquired the ring "Xuqux" {rF+ Str+6}
  7126 | D:7      | Offered knowledge of Shock by Vehumet.
  7195 | D:7      | Noticed Harold
  7222 | D:7      | Reached ** piety under Vehumet
  7234 | D:7      | Killed Harold
  7234 | D:7      | Reached skill level 6 in Spellcasting
  7456 | D:7      | Reached XP level 10. HP: 61/61 MP: 20/20
  7980 | D:7      | Found Ziqalix's Assorted Antiques.
  8323 | D:8      | Found a blossoming altar of Fedhas.
  8326 | D:8      | Reached skill level 7 in Spellcasting
  8561 | D:8      | Found a staircase to the Lair.
  8562 | D:8      | Noticed an elephant
  8591 | D:8      | Reached skill level 5 in Conjurations
  8939 | D:8      | Killed an elephant
  9504 | D:9      | Offered knowledge of Ignite Poison by Vehumet.
  9664 | D:9      | Reached *** piety under Vehumet
  9729 | D:9      | Found a snail-covered altar of Cheibriados.
  9811 | D:9      | Noticed Psyche
  9820 | D:9      | Killed Psyche
  9820 | D:9      | Reached skill level 8 in Spellcasting
  9995 | D:9      | Found a shattered altar of Ashenzari.
 10029 | D:9      | Noticed Grum
 10042 | D:9      | Reached XP level 11. HP: 42/66 MP: 14/23
 10043 | D:9      | Killed Grum
 10043 | D:9      | Offered knowledge of Airstrike by Vehumet.
 10229 | D:9      | Learned a level 4 spell: Airstrike
 10474 | D:9      | Identified the +7 great sword of the Gloaming {drain, rF+
                  | Dex+2}
 10474 | D:9      | Noticed an orc knight
 10764 | D:9      | Killed an orc knight
 10764 | D:9      | Reached skill level 1 in Air Magic
 11182 | D:9      | Reached **** piety under Vehumet
 11219 | D:9      | Reached skill level 9 in Spellcasting
 11330 | D:9      | Offered knowledge of Mephitic Cloud by Vehumet.
 11400 | D:9      | Learned a level 3 spell: Mephitic Cloud
 11550 | D:9      | Found the +6 Majin-Bo {vamp, Archmagi MP+6 Int+6}
 11914 | D:9      | Noticed a two-headed ogre
 11924 | D:9      | Killed a two-headed ogre
 12021 | Lair:1   | Entered Level 1 of the Lair of Beasts
 12339 | Lair:1   | Reached skill level 1 in Staves
 12339 | Lair:1   | Reached skill level 10 in Spellcasting
 12415 | Lair:1   | Noticed a four-headed hydra
 12573 | Lair:1   | Killed a four-headed hydra
 12606 | Lair:1   | Reached skill level 5 in Dodging
 12606 | Lair:1   | Reached XP level 12. HP: 39/72 MP: 24/26
 13482 | Lair:2   | Noticed an eight-headed hydra
 13490 | Lair:2   | Killed an eight-headed hydra
 13822 | Lair:2   | Reached ***** piety under Vehumet
 13876 | Lair:2   | Offered knowledge of Conjure Ball Lightning by Vehumet.
 14171 | Lair:2   | Found a staircase to the Swamp.
 14999 | Lair:2   | Noticed a death yak
 15000 | Lair:2   | Noticed a death yak
 15000 | Lair:2   | Noticed a death yak
 15001 | Lair:2   | Noticed a death yak
 15001 | Lair:2   | Noticed a death yak
 15005 | Lair:2   | Noticed a death yak
 15011 | Lair:2   | Killed a death yak
 15011 | Lair:2   | Reached skill level 11 in Spellcasting
 15012 | Lair:2   | Killed a death yak
 15120 | Lair:2   | Killed a death yak
 15131 | Lair:2   | Killed a death yak
 15345 | Lair:2   | Killed a death yak
 15355 | Lair:2   | Killed a death yak
 15723 | Lair:3   | Noticed a seven-headed hydra
 15727 | Lair:3   | Killed a seven-headed hydra
 15727 | Lair:3   | Reached skill level 10 in Fire Magic
 15727 | Lair:3   | Reached skill level 5 in Air Magic
 15739 | Lair:3   | Reached XP level 13. HP: 47/79 MP: 19/28
 15970 | Lair:3   | Noticed Punenop's ghost (journeyman DrAE)
 15971 | Lair:3   | Found a transporter.
 15972 | Lair:3   | Found a transporter.
 16389 | Lair:3   | Found a hole to the Spider Nest.
 16393 | Lair:3   | Reached skill level 1 in Poison Magic
 17355 | Lair:4   | Offered knowledge of Ozocubu's Refrigeration by Vehumet.
 17357 | Lair:4   | Reached skill level 12 in Spellcasting
 18815 | Lair:5   | Found a viscous altar of Jiyva.
 18816 | Lair:5   | Found a staircase to the Slime Pits.
 19309 | Lair:6   | Entered Level 6 of the Lair of Beasts
 19318 | Lair:6   | Noticed Urug
 19334 | Lair:6   | Killed Urug
 20440 | Lair:6   | Reached skill level 13 in Spellcasting
 20794 | Lair:6   | Reached XP level 14. HP: 77/85 MP: 31/31
 20843 | Lair:6   | Reached skill level 10 in Conjurations
 21096 | Lair:6   | Offered knowledge of Iskenderun's Battlesphere by Vehumet.
 21681 | Lair:6   | Reached skill level 1 in Shields
 22473 | D:10     | Entered Level 10 of the Dungeon
 22710 | D:10     | Noticed Snorg
 22721 | D:10     | Killed Snorg
 23257 | D:10     | Noticed Josephine
 23264 | D:10     | Killed Josephine
 23491 | D:10     | Noticed Sonja
 23501 | D:10     | Killed Sonja
 23584 | D:10     | Noticed Gastronok
 23599 | D:10     | Killed Gastronok
 24250 | D:11     | Found a gate leading to a gauntlet.
 24266 | Gauntlet | Entered a Gauntlet
 24266 | Gauntlet | Found a transporter.
 24266 | Gauntlet | Found a transporter.
 24340 | Gauntlet | Found a transporter.
 24342 | Gauntlet | Found a transporter.
 24353 | Gauntlet | Found a transporter.
 24373 | Gauntlet | Found a transporter.
 24379 | Gauntlet | Found a transporter.
 24387 | Gauntlet | Found a transporter.
 24408 | Gauntlet | Found a transporter.
 24415 | Gauntlet | Found a transporter.
 24432 | Gauntlet | Found a transporter.
 24455 | Gauntlet | Found a transporter.
 25006 | Gauntlet | Gained mutation: You expend magic power (3 MP) to
                  | strengthen your wands. [potion of mutation]
 25006 | Gauntlet | Gained mutation: Your muscles are strong. (Str +2) [potion
                  | of mutation]
 25006 | Gauntlet | Gained mutation: One of your tentacles bears a spike.
                  | [potion of mutation]
 25022 | Gauntlet | Offered knowledge of Lee's Rapid Deconstruction by Vehumet.
 25059 | Gauntlet | Learned a level 5 spell: Lee's Rapid Deconstruction
 25107 | Gauntlet | Reached skill level 14 in Spellcasting
 26195 | D:12     | Noticed Nessos
 26220 | D:12     | Killed Nessos
 26482 | D:12     | Found a bloodstained altar of Trog.
 26784 | D:12     | Found a staircase to the Orcish Mines.
 26811 | D:12     | Found a roughly hewn altar of Beogh.
 26863 | Orc:1    | Entered Level 1 of the Orcish Mines
 26865 | Orc:1    | Noticed Erolcha
 26892 | Orc:1    | Killed Erolcha
 26892 | Orc:1    | Reached XP level 15. HP: 42/90 MP: 33/33
 27173 | Orc:2    | Entered Level 2 of the Orcish Mines
 27570 | Orc:2    | Noticed Saint Roka
 27625 | Orc:1    | Noticed Erica
 27639 | Orc:1    | Offered knowledge of Lightning Bolt by Vehumet.
 27648 | Orc:1    | Killed Erica
 27692 | Orc:1    | Noticed an orc warlord
 27944 | Orc:1    | Killed an orc warlord
 28853 | D:12     | Found Nenge's Antique Armour Shoppe.
 29778 | D:13     | Offered knowledge of Freezing Cloud by Vehumet.
 29786 | D:13     | Learned a level 6 spell: Freezing Cloud
 29965 | D:13     | Reached skill level 15 in Spellcasting
 30158 | D:13     | Found a gate to the Vaults.
 30301 | D:14     | Reached skill level 1 in Ice Magic
 30440 | D:14     | Reached skill level 1 in Earth Magic
 30770 | D:14     | Noticed Frances
 30783 | D:14     | Killed Frances
 30783 | D:14     | Reached skill level 5 in Shields
 31136 | D:15     | Entered Level 15 of the Dungeon
 31808 | D:15     | Found a staircase to the Depths.
 31952 | D:15     | Found a runed translucent gate.
 31954 | D:15     | Found a runed translucent gate.
 31954 | D:15     | Found an ancient bone altar of Kikubaaqudgha.
 31954 | D:15     | Noticed a lich
 31955 | D:15     | Noticed a lich
 31955 | D:15     | Noticed a lich
 31956 | D:15     | Found a runed translucent gate.
 31956 | D:15     | Noticed a lich
 31956 | D:15     | Noticed KristoblXynda's ghost (adept DrBe)
 31973 | D:15     | Learned a level 5 spell: Summon Demon
 32045 | D:15     | Reached XP level 16. HP: 70/97 MP: 27/35
 32547 | D:15     | Reached skill level 1 in Summonings
 33183 | D:15     | Learned a level 1 spell: Apportation
 33208 | D:15     | Got a sparkling marble ring
 33210 | D:15     | Identified the ring of Geupem {rElec Str+3 Int+4 Slay-2
                  | SInv} (You found it on level 15 of the Dungeon)
 33212 | D:15     | Got a shimmering bronze ring
 33214 | D:15     | Identified the ring of the Suburbs {rPois rN+ Str+5 Int+2}
                  | (You found it on level 15 of the Dungeon)
 33219 | D:15     | Got a translucent hunting sling
 33220 | D:15     | Identified the cursed +2 hunting sling "Yqusofosk" {freeze,
                  | Dex+4} (You found it on level 15 of the Dungeon)
 33229 | D:15     | Got a distressingly furry hat
 33323 | D:14     | Identified the +1 hat "Kiafecw" {rC+ MR+ Str-5 Int+4} (You
                  | found it on level 15 of the Dungeon)
 33487 | Swamp:1  | Entered Level 1 of the Swamp
 33819 | Swamp:1  | Noticed Aizul
 33824 | Swamp:1  | Killed Aizul
 35157 | Swamp:2  | Offered knowledge of Starburst by Vehumet.
 35442 | Swamp:2  | Reached skill level 16 in Spellcasting
 36027 | Swamp:3  | Noticed a thorn hunter
 36030 | Swamp:3  | Killed a thorn hunter
 36415 | Swamp:3  | Noticed a thorn hunter
 36420 | Swamp:3  | Killed a thorn hunter
 37387 | Swamp:4  | Entered Level 4 of the Swamp
 37577 | Swamp:4  | Reached XP level 17. HP: 101/101 MP: 23/37
 38254 | Swamp:4  | Noticed Bai Suzhen
 38306 | Swamp:4  | Killed Bai Suzhen
 38358 | Swamp:4  | Reached skill level 5 in Earth Magic
 38583 | Swamp:4  | Reached ****** piety under Vehumet
 38609 | Swamp:4  | Offered knowledge of Shatter by Vehumet.
 38609 | Swamp:4  | Offered knowledge of Tornado by Vehumet.
 38609 | Swamp:4  | Offered knowledge of Ignition by Vehumet.
 38619 | Swamp:4  | Learned a level 8 spell: Ignition
 38718 | Swamp:4  | Reached skill level 5 in Summonings
 38776 | Swamp:4  | Reached skill level 17 in Spellcasting
 38823 | Swamp:4  | Noticed the 27-headed Lernaean hydra
 38978 | Swamp:4  | Got a decaying rune of Zot
 39139 | Swamp:4  | Killed the 27-headed Lernaean hydra
 39139 | Swamp:4  | Reached skill level 5 in Ice Magic
 39702 | Orc:2    | Killed Saint Roka
 40140 | Orc:2    | Noticed Blork the orc
 40146 | Orc:2    | Found a roughly hewn altar of Beogh.
 40153 | Orc:2    | Killed Blork the orc
 40171 | Orc:2    | Noticed Rupert
 40206 | Orc:2    | Killed Rupert
 40398 | Orc:2    | Found Jaaf Kiuf's Book Shoppe.
 40406 | Orc:2    | Bought a book of Minor Magic for 240 gold pieces
 40429 | Orc:2    | Found Ucsotot's Antique Armour Shoppe.
 40454 | Orc:2    | Found a staircase to the Elven Halls.
 40543 | Orc:2    | Found Maffi's General Store.
 40560 | Orc:2    | Found Resseik's Antique Weapon Shoppe.
 40576 | Orc:2    | Bought a scorched mace for 184 gold pieces
 40576 | Orc:2    | Identified the +3 mace of the Magic Mushroom {freeze,
                  | Fragile rC+ rN+ MR+} (You bought it in a shop on level 2 of
                  | the Orcish Mines)
 40846 | Orc:2    | Found Feteah's Magic Scroll Boutique.
 40854 | Orc:2    | Bought a scroll of acquirement for 572 gold pieces
 40854 | Orc:2    | Bought a scroll of teleportation for 33 gold pieces
 40854 | Orc:2    | Bought a scroll of blinking for 82 gold pieces
 40855 | Orc:2    | Acquired an uncursed staff of wizardry
 41250 | D:13     | Learned a level 2 spell: Blink
 41254 | D:13     | Learned a level 3 spell: Ozocubu's Armour
 41256 | Vaults:1 | Entered Level 1 of the Vaults
 41265 | Vaults:1 | Found Dagam's Book Shop.
 42080 | Orc:2    | Bought a book of Conjurations for 360 gold pieces
 42088 | Orc:2    | Learned a level 4 spell: Iskenderun's Mystic Blast
 42116 | Elf:1    | Entered Level 1 of the Elven Halls
 42214 | Elf:1    | Reached XP level 18. HP: 107/107 MP: 35/39
 42261 | Elf:1    | Reached skill level 1 in Translocations
 42522 | Elf:1    | Reached skill level 18 in Spellcasting
 43358 | Elf:1    | Found a radiant altar of Vehumet.
 44583 | Elf:2    | Found Wuhov's Gadget Shop.
 44839 | Elf:2    | Found a runed translucent gate.
 44839 | Elf:2    | Found a runed translucent gate.
 44839 | Elf:2    | Found a runed translucent gate.
 45292 | Elf:2    | Noticed a deep elf blademaster
 45295 | Elf:2    | Killed a deep elf blademaster
 45295 | Elf:2    | Reached skill level 19 in Spellcasting
 45501 | Elf:2    | Reached XP level 19. HP: 112/112 MP: 29/42
 45950 | Elf:3    | Entered Level 3 of the Elven Halls
 45971 | Elf:3    | Found Qomola's Antique Armour Boutique.
 46251 | Elf:3    | Found Duumali's Weapon Shop.
 46325 | Elf:3    | Found Bokhlusog's Assorted Antiques.
 46329 | Elf:3    | Bought a scroll of blinking for 232 gold pieces
 46458 | Elf:3    | Found Pekig's Weapon Emporium.
 48157 | Elf:3    | Got a sapphire dagger
 48158 | Elf:3    | Identified the +6 dagger "Noaluga" {flame, rC+} (You found
                  | it on level 3 of the Elven Halls)
 48220 | Elf:3    | Reached skill level 20 in Spellcasting
 48225 | Elf:3    | Identified Dispater's Volume of Creation
 48479 | Elf:3    | Learned a level 9 spell: Fire Storm
 48819 | Spider:1 | Entered Level 1 of the Spider Nest
 49022 | Spider:1 | Identified Roxanne's Disquisition on Moulding
 49022 | Spider:1 | Noticed Roxanne
 49204 | Spider:1 | Noticed Agnes
 49211 | Spider:1 | Killed Agnes
 50079 | Spider:1 | Killed Roxanne
 50303 | Spider:2 | Reached XP level 20. HP: 117/117 MP: 41/44
 50934 | Spider:2 | Noticed Donald
 51188 | Spider:2 | Killed Donald
 51644 | Spider:2 | Noticed Morih's ghost (adept DgCj)
 51645 | Spider:2 | Found a large runed translucent door.
 51646 | Spider:2 | Found a large runed translucent door.
 51702 | Spider:2 | Killed Morih's ghost
 53083 | Spider:4 | Entered Level 4 of the Spider Nest
 53172 | Spider:4 | Reached skill level 15 in Fire Magic
 54233 | Spider:4 | Learned a level 7 spell: Spellforged Servitor
 55003 | Spider:4 | Reached skill level 5 in Fighting
 55010 | Spider:4 | Reached skill level 10 in Summonings
 55506 | Spider:4 | Got a gossamer rune of Zot
 55773 | Spider:4 | Mangled by a jumping spider

Illustrated notes

Levels and vault maps discovered:
D:1:      nagdon_arrival_zigzag_paths, layout_rooms, minmay_misc_feat_cross,
          corexii_leaking_fountain
D:2:      layout_basic, chequers_temple_overflow_statue_of_worship,
          uniq_jessica, uniq_terence
D:3:      layout_basic, nicolae_overflow_hidden_temple, elyvilon_altar_5
D:4:      layout_gridville, nicolae_overflow_crystal_walls,
          gammafunk_temple_overflow_claw, temple_pool_b, uniq_duvessa
D:5:      layout_rooms
D:6:      layout_loops_ring, kennysheep_mini_moat, serial_shops, shop
D:7:      layout_basic, serial_shops,
          nicolae_shop_temple_entry_statues_fountains, uniq_harold
D:8:      layout_loops_ring, lemuel_crystal_altar, david_lair_generic
D:9:      minmay_the_grid_3x3 [minmay_the_grid_minigrid_small,
          minmay_the_grid_mess, minmay_the_grid_gridbox,
          minmay_the_grid_diamond_grid, minmay_the_grid_medium_cups,
          minmay_the_grid_stretched_grid, minmay_the_grid_plusring,
          minmay_the_grid_minigrid_medium, minmay_the_grid_prize_diamond_cup],
          layout_stronghold, lemuel_doored_altar, lemuel_coloured_pillars_altar,
          hangedman_decor_riveting, uniq_grum, uniq_psyche
D:10:     layout_stronghold, uniq_josephine, uniq_sonja, uniq_gastronok,
          uniq_snorg
D:11:     layout_loops_ring, gauntlet_entry_generic
D:12:     layout_basic, minmay_orc_entry_temple_small, serial_shops,
          nicolae_shop_stone, bloody_trog, uniq_nessos
D:13:     layout_cave_pools, lightli_vaults_fourway_checkpoint
D:14:     layout_rooms, serial_park_tiny_pond, nrook_loot_triangle, uniq_frances
D:15:     gammafunk_depths_entry_grave, layout_long_grid,
          chequers_serial_rivers_large_a, gammafunk_ghost_crypt
Temple:   dpeg_three_leaves_temple
Lair:1:   layout_loops_ring, grunt_megastairs_2, serial_bayou_shore_b,
          lemuel_fruit_fields
Lair:2:   layout_cave_pods, nicolae_swamp_entry_splash_gauntlet,
          serial_bayou_shore_a, grunt_megastairs_4, serial_bayou_shore_b,
          serial_bayou_shore_b
Lair:3:   beast_lair_carwin_large_2, layout_loops_ring,
          nicolae_spider_entry_tight_spaces, gammafunk_ghost_arena,
          infiniplex_staircase_pool
Lair:4:   layout_hall_layers, lemuel_fruit_tree
Lair:5:   layout_loops_ring, dpeg_slime_entry_enclosed_altar
Lair:6:   minmay_lair_end_enchanted_forest, layout_cave_pods, uniq_urug
Swamp:1:  layout_falls_marsh, evilmike_swamp_ruin_house_4, swamp_pool1,
          uniq_aizul
Swamp:2:  layout_basic_swamp, evilmike_swamp_ruin_house_5,
          cheibrodos_swamp_kobolds
Swamp:3:  layout_basic_swamp, evilmike_swamp_ruin_rubble_2
Swamp:4:  swamp_old_school, layout_basic_swamp, uniq_bai_suzhen
Spider:1: layout_spider_delve, hangedman_spider_tarantella_strand, uniq_roxanne,
          uniq_agnes
Spider:2: layout_spider_delve, ebering_ghost_disaster_area, zaba_anthell,
          uniq_donald
Spider:3: layout_spider_delve
Spider:4: guppyfry_spider_rune
Orc:1:    layout_diamond_mine, uniq_erica, uniq_erolcha
Orc:2:    grunt_orc_cross, layout_diamond_mine, serial_shops, shop_scrolls,
          uniq_saint_roka, uniq_rupert
Elf:1:    layout_geoelf_diagonals, basic_altar, hangedman_corner_corridor
Elf:2:    layout_rooms, serial_shops, shop, item_on_display_b
Elf:3:    minmay_elf_hall_spiked, layout_loops_corners, serial_shops, shop,
          nicolae_shop_stone, shop, shop
Vaults:1: biasface_vaults_ghost_orc_armoury, ontoclasm_vaults_decontamination,
          v_pattern_2, ontoclasm_vaults_ring_large, v_misc_11,
          nicolae_vaults_puzzle_piece, v_misc_17, vaults_room_large_hall,
          hangedman_vaults_impose, st_check, nicolae_vaults_shelves_hall,
          dpeg_vaults_monster_box, vaults_room_hallway,
          nicolae_vaults_network_barrier, nicolae_vaults_little_squares_2,
          ontoclasm_vaults_gateway, layout_vaults_ring, serial_shops,
          statue_bzr, nicolae_shop_behind_doors, shop, nicolae_shop_statue_plus

Skill      XL: |  1  2  3  4  5  6  7  8  9 10 11 12 13 14 15 16 17 18 19 20 |
---------------+-------------------------------------------------------------+-----
Stealth        | 3 4 6 8 9 |  9.0
Conjurations   | 2 3 4 6 8 9 10 11 12 13 14 | 14.2
Spellcasting   | 3 4 5 6 8 10 11 13 14 15 16 17 19 20 | 20.8
Fire Magic     | 4 5 7 8 9 10 11 12 13 14 15 | 15.4
Dodging        | 3 4 5 6 |  6.9
Fighting       | 1 2 3 4 5 |  5.0
Short Blades   | 1 2 3 4 |  4.5
Slings         | 1 2 |  2.1
Throwing       | 1 2 |  2.1
Air Magic      | 3 5 6 7 |  7.1
Staves         | 1 2 3 4 |  4.3
Poison Magic   | 1 |  1.4
Shields        | 3 5 |  5.0
Ice Magic      | 2 3 5 |  5.0
Earth Magic    | 2 4 5 |  5.8
Summonings     | 4 6 9 10 | 10.0
Translocations | 1 2 |  2.5
Hexes          | |  0.9
Evocations     | |  0.2

Action                   |  1- 3 |  4- 6 |  7- 9 | 10-12 | 13-15 | 16-18 | 19-21 || total
-------------------------+-------+-------+-------+-------+-------+-------+-------++-------
Melee: Unarmed           |     4 |       |       |       |       |       |       ||     4
       Constrict         |     5 |    10 |    15 |    14 |    61 |    25 |    25 ||   155
       Tentacles         |     3 |     7 |    19 |    19 |    99 |    39 |    52 ||   238
       Dagger            |    10 |    33 |    90 |    28 |   235 |   112 |   135 ||   643
       Staff             |       |       |       |    31 |   127 |    20 |    19 ||   197
       Quarterstaff      |       |       |       |    28 |    22 |       |       ||    50
       Kick              |       |       |       |       |   101 |    57 |    77 ||   235
       Mace              |       |       |       |       |       |     1 |       ||     1
 Fire: Hunting sling     |       |       |    10 |       |       |       |       ||    10
Throw: Dart              |       |       |     6 |       |    13 |     5 |    12 ||    36
 Cast: Foxfire           |    39 |    77 |    58 |   130 |   158 |    57 |    28 ||   547
       Sticky Flame      |       |       |     6 |    42 |    67 |    21 |       ||   136
       Inner Flame       |       |       |     6 |     3 |     2 |       |     1 ||    12
       Conjure Flame     |       |       |     5 |     2 |     2 |       |       ||     9
       Fireball          |       |       |       |    97 |   215 |   306 |   193 ||   811
       Mephitic Cloud    |       |       |       |     6 |   104 |    34 |    16 ||   160
       Airstrike         |       |       |       |     1 |    85 |   117 |    81 ||   284
       Freezing Cloud    |       |       |       |       |     1 |     4 |       ||     5
       Lee's Rapid Decon |       |       |       |       |     1 |     6 |    20 ||    27
       Apportation       |       |       |       |       |       |     5 |       ||     5
       Summon Demon      |       |       |       |       |       |    21 |    27 ||    48
       Blink             |       |       |       |       |       |     8 |    12 ||    20
       Ozocubu's Armour  |       |       |       |       |       |     5 |     1 ||     6
       Ignition          |       |       |       |       |       |     2 |    14 ||    16
       Iskenderun's Myst |       |       |       |       |       |     3 |    52 ||    55
       Spellforged Servi |       |       |       |       |       |       |     6 ||     6
Evoke: Wand              |       |       |     2 |     2 |     2 |       |     4 ||    10
       Tin of tremorston |       |       |       |       |       |       |     1 ||     1
  Use: Scroll            |       |     9 |     6 |     4 |    15 |    14 |    11 ||    59
       Potion            |       |       |     1 |     5 |    24 |     5 |     2 ||    37
 Stab: Sleeping          |     3 |     3 |    18 |    21 |    14 |    14 |     3 ||    76
       Distracted        |       |       |     2 |       |       |     3 |     1 ||     6
       Confused          |       |       |       |       |    26 |     4 |     5 ||    35
Armor: Skin              |     5 |     2 |     3 |     3 |    13 |     7 |    10 ||    43
Dodge: Dodged            |    17 |    52 |    45 |   111 |   263 |   109 |   195 ||   792
Block: Other             |       |       |       |    32 |    32 |       |       ||    64
       Reflection        |       |       |       |     1 |    15 |    15 |     6 ||    37
       Buckler           |       |       |       |       |   173 |   129 |   199 ||   501
       Kite shield       |       |       |       |       |     3 |       |     3 ||     6

Table legend: (Time is in decaauts)
 A = Elapsed time spent in this place.
 B = Non-inter-level travel time spent in this place.
 C = Inter-level travel time spent in this place.
 D = Time resting spent in this place.
 E = Time spent auto-exploring this place.
 F = Levels seen in this place.
 G = Mean time per level.
                   A        B        C        D        E       F      G
               +--------+--------+--------+--------+--------+-----+--------+
         Total |  55538 |  53903 |   1635 |  21429 |  17208 |  37 | 1501.0 |
       Dungeon |  21092 |  20248 |    844 |   6808 |   7473 |  15 | 1406.1 |
        Temple |    112 |    112 |      0 |      0 |     44 |   1 |  112.0 |
          Lair |  10853 |  10563 |    290 |   4740 |   3598 |   6 | 1808.8 |
         Swamp |   5893 |   5757 |    136 |   2433 |   2041 |   4 | 1473.2 |
   Spider Nest |   6681 |   6640 |     41 |   3484 |   1250 |   4 | 1670.2 |
  Orcish Mines |   3308 |   3120 |    188 |   1050 |    948 |   2 | 1654.0 |
   Elven Halls |   6400 |   6266 |    134 |   2667 |   1774 |   3 | 2133.3 |
        Vaults |    349 |    349 |      0 |     74 |      0 |   1 |  349.0 |
      Gauntlet |    846 |    846 |      0 |    171 |     80 |   1 |  846.0 |
               +--------+--------+--------+--------+--------+-----+--------+

Top non-repeatable levels by time:
  Lair:6: 2864 daAuts
     D:9: 2782 daAuts
  Lair:2: 2618 daAuts
   Elf:2: 2615 daAuts
Spider:2: 2466 daAuts
     D:4: 2178 daAuts
   Elf:1: 2066 daAuts
   Orc:2: 2020 daAuts
 Swamp:4: 1939 daAuts
  Lair:5: 1838 daAuts
Spider:4: 1805 daAuts
    D:13: 1791 daAuts
    D:15: 1788 daAuts
   Elf:3: 1718 daAuts
    D:10: 1648 daAuts
